 Dungeon Crawl Stone Soup version 0.17-a0-910-ga669010 (webtiles) character file.

203 oplop the Chiller (level 5, -3/36 HPs)
             Began as an Octopode Ice Elementalist on May 2, 2015.
             Killed by Freeze
             ... invoked by oplop's ghost
              (13 damage)
             ... on level 3 of the Dungeon.
             The game lasted 00:07:26 (3611 turns).

oplop the Chiller (Octopode Ice Elementalist)       Turns: 3611, Time: 00:07:26

Health: -3/36      AC:  1    Str:  8    XL:     5   Next: 81%
Magic:  0/10       EV: 12    Int: 18    God:
Gold:   164        SH:  0    Dex: 12    Spells: 3 memorised, 5 levels left

rFire  . . .     SeeInvis .     z - +2 whip (drain)
rCold  . . .     Clarity  .     (no shield)
rNeg   . . .     SustAb   .     (helmet restricted)
rPois  .         Gourm    .     d - amulet of guardian spirit
rElec  .         Spirit   +     (no ring)
rCorr  .         Warding  .     (no ring)
rMut   .         Stasis   .     (no ring)
MR     .....                    (no ring)
Stlth  ++++......               (no ring)
                                (no ring)
                                (no ring)
                                (no ring)

@: drained, not resistant to hostile enchantments, stealthy
A: almost no armour, amphibious, 8 rings, constrict 8, camouflage 1, gelatinous
body 1
a: no special abilities


You were on level 3 of the Dungeon.
You were not hungry.

You visited 1 branch of the dungeon, and saw 3 of its levels.

You collected 164 gold pieces.

Inventory:

Hand weapons
 h - a +0 whip
 z - a +2 whip of draining (weapon)
Missiles
 f - 146 stones (quivered)
 u - 20 poisoned needles
Jewellery
 d - an amulet of guardian spirit (around mantle)
 m - an uncursed amulet of guardian spirit
Scrolls
 e - 4 scrolls of remove curse {unknown}
 j - a scroll of noise {unknown}
 l - 3 scrolls of identify {unknown}
 q - 3 scrolls of enchant weapon {unknown}
 t - 2 scrolls of fog {unknown}
 v - a scroll of recharging {unknown}
 w - a scroll of fear {unknown}
 y - a scroll of amnesia {unknown}
Potions
 c - a potion of resistance {unknown}
 g - a potion of beneficial mutation {unknown}
 k - a potion of magic {unknown}
 n - a potion of brilliance {unknown}
 o - a potion of flight {unknown}
 p - 2 potions of heal wounds {unknown}
 r - a potion of cure mutation {unknown}
 s - a potion of curing
 x - a potion of agility
 A - a potion of haste {unknown}
 B - a potion of berserk rage {unknown}
 D - a potion of degeneration {unknown}
Books
 a - a book of Frost

   Spells                             Type                      Level
   a - Freeze                         Ice                          1
   b - Throw Frost                    Conjuration/Ice              2
   c - Ozocubu's Armour               Charms/Ice                   3
   d - Throw Icicle                   Conjuration/Ice              4
   e - Summon Ice Beast               Ice/Summoning                4
   f - Condensation Shield            Ice                          4
Comestibles
 b - 3 bread rations
 i - a beef jerky
 C - a chunk of flesh


   Skills:
 + Level 2.8(2.4) Fighting
 - Level 2.0(1.6) Dodging
 - Level 2.6(2.3) Stealth
 + Level 3.5(3.1) Spellcasting
 - Level 1.0(0.6) Conjurations
 + Level 4.2(3.8) Ice Magic


You had 5 spell levels left.
You knew the following spells:

 Your Spells              Type           Power        Failure   Level  Hunger
a - Freeze                Ice            ###.         3%          1    None
b - Ozocubu's Armour      Chrm/Ice       #.......     24%         3    ###....
c - Throw Frost           Conj/Ice       ##....       12%         2    ##.....


Dungeon Overview and Level Annotations

Branches:
Dungeon (3/15)

Altars:
Cheibriados
Kikubaaqudgha

Annotations:
D:3 oplop's ghost, average OpIE


Innate Abilities, Weirdness & Mutations

You cannot wear most types of armour.
You are amphibious.
You can wear up to eight rings at the same time.
You can use your tentacles to constrict eight enemies at once.
Your skin changes colour to match your surroundings (Stealth).
Your rubbery body absorbs attacks (AC +1).


Message History

Casting: Freeze
Confirm with . or Enter, or press ? or * to list all spells.
Aiming: Freeze
Press: ? - help, Shift-Dir - straight line, f/p - oplop's ghost
Aim: oplop's ghost (severely damaged)
You freeze oplop's ghost.
Oplop's ghost is severely damaged.
Oplop's ghost hits you but does no damage.
Your icy armour starts to melt.
Casting: Freeze
Confirm with . or Enter, or press ? or * to list all spells.
Aiming: Freeze
Press: ? - help, Shift-Dir - straight line, f/p - oplop's ghost
Aim: oplop's ghost (severely damaged)
You freeze oplop's ghost.
Oplop's ghost is severely damaged.
Your icy armour evaporates.
Oplop's ghost casts a spell at you.
You are frozen.
You die...

#......######...#######.
#........# #.#..# ####.
#.....##.# #......#....
###############################.
##≈##≈≈#P'....#P..P≈####### #.#.
#≈≈≈#≈≈#.#....#..P≈≈##.P#P## #...
#≈≈≈#≈≈#.######.≈≈≈##.#.PPP###...
#≈≈≈≈≈≈#P..≈≈.P≈≈≈###P#P.#P.##...
#≈≈≈≈≈≈#P.≈)≈≈.W@##.#....#.###...
#≈≈≈≈≈≈#.≈≈≈≈≈≈≈##.....#..##.#..#
#≈≈≈≈≈≈≈≈≈≈≈≈≈≈##.#...#...#.##<..
#≈≈≈≈≈≈≈≈≈≈≈≈≈##.##P........##..#
#≈≈≈#≈≈≈≈≈≈≈≈##..#.≈≈≈≈≈≈≈≈≈≈#.##
#≈≈≈#≈≈≈≈≈≈≈##.#≈.≈≈≈≈≈≈≈≈≈≈≈#.##
#≈≈≈##≈≈≈≈≈##≈≈≈≈≈≈.≈≈≈.≈≈≈..#.#.
##≈≈####≈≈##≈≈.#≈≈≈#≈≈≈#≈≈≈#.#...
#≈## ##≈##≈.###.###.###.####.##


You could see oplop's ghost.

Vanquished Creatures
  A crimson imp (D:2)
  Ijyb (D:3)
  Robin (D:2)
  3 adders
  A gnoll (D:3)
  An ooze (D:2)
  2 worms (D:2)
  5 orcs (D:3)
  10 bats
  2 giant cockroaches
  17 goblins
  10 hobgoblins
  3 jackals
  11 kobolds
  A quokka (D:3)
  3 ball pythons
  3 giant geckos
  2 giant newts (D:2)
  5 rats
82 creatures vanquished.

Notes
Turn   | Place    | Note
--------------------------------------------------------------
     0 | D:1      | oplop, the Octopode Ice Elementalist, began the quest for the Orb.
     0 | D:1      | Reached XP level 1. HP: 11/11 MP: 3/3
   260 | D:1      | Reached XP level 2. HP: 4/17 MP: 1/5
  1143 | D:1      | Reached skill level 1 in Fighting
  1186 | D:1      | Reached XP level 3. HP: 17/23 MP: 3/6
  1336 | D:2      | Noticed Robin
  1766 | D:2      | Learned a level 3 spell: Ozocubu's Armour
  1785 | D:2      | Learned a level 2 spell: Throw Frost
  2184 | D:2      | Killed Robin
  2184 | D:2      | Reached XP level 4. HP: 16/29 MP: 0/8
  2186 | D:2      | HP: 1/29 [goblin/uncursed club[Robin] (6)]
  2526 | D:2      | Reached XP level 5. HP: 19/34 MP: 3/9
  2558 | D:2      | Reached skill level 4 in Ice Magic
  2865 | D:2      | Found a snail-covered altar of Cheibriados.
  2866 | D:2      | Found an ancient bone altar of Kikubaaqudgha.
  2948 | D:3      | Noticed oplop's ghost (average OpIE)
  3012 | D:3      | Noticed Ijyb
  3024 | D:3      | Killed Ijyb
  3611 | D:3      | Killed from afar by oplop's ghost

Action                   |  1- 3 |  4- 6 || total
-------------------------+-------+-------++-------
Melee: Unarmed           |    31 |       ||    31
       Whip              |    60 |    92 ||   152
Throw: Stone             |     6 |       ||     6
 Cast: Freeze            |    20 |    17 ||    37
       Ozocubu's Armour  |     1 |     3 ||     4
       Throw Frost       |     1 |     6 ||     7
  Use: Potion            |       |     2 ||     2
 Stab: Sleeping          |     7 |     7 ||    14
  Eat: Chunk             |     2 |     4 ||     6
       Beef jerky        |     1 |       ||     1
       Pizza             |       |     1 ||     1
